 Dungeon Crawl Stone Soup version 0.31.0-32-g396128a36d (webtiles) character file.

Game seed: 1095610334704214642

54 SacredBeard the Vexing (level 3, -4/25 HPs)
             Began as a Vampire Enchanter on Mar 31, 2024.
             Killed from afar by a dart slug (6 damage)
             ... with a slug dart
             ... on level 2 of the Dungeon.
             The game lasted 00:02:25 (1057 turns).

SacredBeard the Vexing (Vampire Enchanter)          Turns: 1057, Time: 00:02:26

Health: -4/25      AC:  2    Str:  7    XL:     3   Next: 66%
Magic:  6/6        EV: 12    Int: 19    God:
Gold:   42         SH:  0    Dex: 14    Spells: 6/6 levels left

rFire   . . .        a - +1 dagger
rCold   . . .        (no shield)
rNeg    . . .        b - +0 robe
rPois   +            (no helmet)
rElec   .            (no cloak)
rCorr   .            (no gloves)
SInv    +            (no boots)
Will    .....        (no amulet)
Stlth   +++          h - ring of poison resistance
HPRegen 0.44/turn    k - ring of wizardry
MPRegen 0.10/turn

%: wizardry (x1)
@: healing quickly
A: alive, fangs 3, see invisible, vampiric 2
a: Exsanguinate


You were on level 2 of the Dungeon.
You visited 1 branch of the dungeon, and saw 2 of its levels.

You collected 42 gold pieces.

Inventory:

Hand Weapons
 a - a +1 dagger (weapon)
Missiles
 d - 5 javelins (quivered)
 j - 18 stones
Armour
 b - a +0 robe (worn)
Jewellery
 h - a ring of poison resistance (left hand)
 k - a ring of wizardry (right hand)
Scrolls
 e - a scroll of noise {unknown}
 g - a scroll of revelation {unknown}
 i - 3 scrolls of teleportation {unknown}
 l - a scroll of fear {unknown}
Potions
 c - 2 potions of invisibility
 f - a potion of mutation {unknown}


   Skills:
 + Level 0.7 Fighting
 * Level 3.7 Short Blades
 - Level 2.1 Dodging
 - Level 4.4 Stealth
 - Level 2.0 Spellcasting
 - Level 4.4 Hexes


You had 6 spell levels left.
You didn't know any spells.
Your spell library contained the following spells:

 Spells                   Type           Power      Damage    Failure   Level
 Confusing Touch          Hex            18%        N/A       3%          3
 Tukima's Dance           Hex            18%        N/A       3%          3
 Ensorcelled Hibernation  Hex/Ice        20%        N/A       4%          2
 Shock                    Conj/Air       4%         1d3       7%          1
 Dazzling Flash           Conj/Hex       20%        N/A       9%          3
 Swiftness                Air            1%         N/A       21%         3
 Airstrike                Air            0%         2d(1-17)  52%         4


Dungeon Overview and Level Annotations

Branches:
Dungeon (2/15)

Altars:
Okawaru


Innate Abilities, Weirdness & Mutations

Your natural rate of healing is accelerated.
You have razor-sharp teeth.
You have supernaturally acute eyesight. (SInv)
You are afflicted with vampirism and can become a bat while bloodless.


Message History

You bite the ribbon worm, but do no damage.
The ribbon worm is moderately wounded.
The ribbon worm bites you.
You hit the ribbon worm.
The ribbon worm is heavily wounded.
The dart slug launches a dart at you. The slug dart hits you.
The ribbon worm bites you.
You hit the ribbon worm.
The ribbon worm is severely wounded.
You hit the ribbon worm. You bite the ribbon worm.
The ribbon worm is severely wounded.
The dart slug launches a dart at you. The slug dart misses you.
The ribbon worm expels a string of sticky webbing.
The stream of webbing hits you but does no damage.
You are caught in a web!
The web tears apart.
The dart slug launches a dart at you. The slug dart misses you.
The ribbon worm closely misses you.
You barely miss the ribbon worm.
The ribbon worm is severely wounded.
You hit the ribbon worm.
The ribbon worm is severely wounded.
The ribbon worm bites you.
* * * LOW HITPOINT WARNING * * *
You hit the ribbon worm.
The ribbon worm is almost dead.
The ribbon worm bites you.
* * * LOW HITPOINT WARNING * * *
You barely miss the ribbon worm.
The ribbon worm is severely wounded.
You barely miss the ribbon worm. You bite the ribbon worm.
The ribbon worm is almost dead.
The ribbon worm bites you.
* * * LOW HITPOINT WARNING * * *
You hit the ribbon worm.
You kill the ribbon worm!
The dart slug launches a dart at you. The slug dart hits you.
You die...

#........# #####....
#.."...$.# #####....
#..?._...# #........
.........# #.###.###
##......# #.###.#
##.†.....###.#.#.#
#....)........#..#
##......######.###
##@...## #.#
#........## #.##
#.##.#w....# #..##
#....#.#.######...###
......................
#.#....#.#.######.<.###
#..........# #..##
####.### # # ###.##
#...#


You could see a dart slug.

Vanquished Creatures
  A gnoll (D:1)
  2 ribbon worms (D:2)
  A dart slug (D:1)
  3 endoplasms (D:1)
  3 giant cockroaches (D:1)
  2 goblins (D:1)
  5 hobgoblins (D:1)
  3 jackals (D:1)
  A quokka (D:1)
  2 ball pythons (D:1)
  3 bats
  2 frilled lizards (D:1)
  4 kobolds
  A rat (D:1)
33 creatures vanquished.

Notes
Turn   | Place    | Note
-------+----------+-------------------------------------------
     0 | D:1      | SacredBeard the Vampire Enchanter began the quest for the
                  | Orb.
     0 | D:1      | Reached XP level 1. HP: 13/13 MP: 3/3
   105 | D:1      | Reached XP level 2. HP: 7/19 MP: 5/5
   380 | D:1      | Gained mutation: You are afflicted with vampirism and can
                  | become a bat while bloodless. [Vampire growth]
   380 | D:1      | Reached XP level 3. HP: 25/25 MP: 6/6
  1028 | D:2      | Found an iron altar of Okawaru.
  1055 | D:2      | HP: 1/25 [ribbon worm (2)]
  1057 | D:2      | Killed from afar by a dart slug

Illustrated notes

Levels and vault maps discovered:
D:1:      minmay_arrival_diagonal_passages, layout_loops_ring
D:2:      layout_loops_corners, basic_altar, item_on_display_a

Skill      XL: |  1  2 |
---------------+-------+-----
Short Blades   | 2 3 |  3.7
Fighting       | |  0.7
Dodging        | |  2.1
Stealth        | |  4.4
Spellcasting   | |  2.0
Hexes          | |  4.4

Action                     || total
---------------------------++-------
  Melee: Dagger            ||   127
         Bite              ||    14
   Stab: Sleeping          ||     7
 Armour: Robe              ||    58
  Dodge: Dodged            ||    60
